 Dungeon Crawl Stone Soup version 0.25.1-1-g288607f5aa (webtiles) character file.

Game seed: 3509050247922364310

2298 protoss039 the Covert (level 9, -1/44 HPs)
             Began as a Spriggan Assassin on July 21, 2020.
             Was a Priest of Dithmenos.
             Slain by a killer bee (7 damage)
             ... on level 7 of the Dungeon.
             The game lasted 00:34:50 (8692 turns).

protoss039 the Covert (Spriggan Assassin)           Turns: 8692, Time: 00:34:51

Health: -1/44      AC:  3    Str:  7    XL:     9   Next: 17%
Magic:  11/14      EV: 21    Int: 13    God:    Dithmenos [***...]
Gold:   361        SH:  0    Dex: 20    Spells: 8/8 levels left

rFire    . . .     SeeInvis +   w - +3 dagger (elec)
rCold    . . .     Gourm    .   (shield restricted)
rNeg     . . .     Faith    .   b - +0 robe
rPois    .         Spirit   .   (helmet restricted)
rElec    .         Reflect  .   c - +0 cloak
rCorr    .         Harm     .   (gloves unavailable)
MR       +....                  (boots unavailable)
Stlth    +++++++...             (no amulet)
HPRegen  0.14/turn              o - ring of wizardry
MPRegen  0.14/turn              (no ring)

@: mighty, lethally poisoned (-1 -> -9), hasted, wreathed by umbra, very quick
A: very small, unfitting armour, see invisible, herbivore, speed 3, slow
metabolism 2
a: Shadow Step, Renounce Religion


You were on level 7 of the Dungeon.
You worshipped Dithmenos.
Dithmenos was most pleased with you.
You were very hungry.

You visited 1 branch of the dungeon, and saw 7 of its levels.

You collected 361 gold pieces.

Inventory:

Hand Weapons
 w - a +3 dagger of electrocution (weapon)
Missiles
 d - 22 poisoned darts (quivered)
 e - a curare-tipped dart
Armour
 b - a +0 robe (worn)
 c - a +0 cloak (worn)
 m - a +0 buckler
 n - a scarf of invisibility
Jewellery
 o - a ring of wizardry (left hand)
 r - an uncursed ring of ice
 C - an uncursed ring of stealth {unknown}
Wands
 l - a wand of clouds (5)
 v - a wand of iceblast (4)
Scrolls
 g - 3 scrolls of blinking
 h - a scroll of magic mapping
 i - 2 scrolls of enchant armour
 p - a scroll of remove curse
 q - 2 scrolls of immolation
 u - 5 scrolls of teleportation
 y - a scroll of amnesia
 F - a scroll of fog
Potions
 a - 2 potions of might
 j - a potion of brilliance {unknown}
 k - 3 potions of haste
 s - a potion of lignification {unknown}
 t - a potion of resistance {unknown}
 x - 2 potions of curing {unknown}
 z - a potion of heal wounds {unknown}
 B - a potion of magic {unknown}
 D - a potion of cancellation {unknown}
 E - a potion of stabbing {unknown}
Comestibles
 f - 19 rations


   Skills:
 - Level 3.0 Fighting
 + Level 7.1 Short Blades
 - Level 4.0 Throwing
 + Level 4.7 Dodging
 + Level 11.9 Stealth
 * Level 5.4 Invocations


You had 8 spell levels left.
You didn't know any spells.
Your spell library was empty.

Dungeon Overview and Level Annotations

Branches:
Dungeon (7/15)             Temple (0/1) D:5

Altars:
Dithmenos
Elyvilon
Gozag
Kikubaaqudgha
Ru
Trog
Uskayaw
Xom
Yredelemnul
Zin
The Shining One

Annotations:
D:7 Harold


Innate Abilities, Weirdness & Mutations

You are very small and have problems with some larger weapons.
You are too small for most types of armour.
You have supernaturally acute eyesight. (SInv)
You are a herbivore.
You cover ground extremely quickly.
You need to consume almost no food.


Message History

You feel sick. The killer bee closely misses you.
The killer bee barely misses you.
Unknown command.
Unknown command.
Unknown command.
* * * LOW HITPOINT WARNING * * *
You feel sick.
* * * LOW HITPOINT WARNING * * *
You feel sick.
* * * LOW HITPOINT WARNING * * *
You feel sick.
It was a potion of might.
You feel very mighty all of a sudden.
Unknown command.
Unknown command.
You hit the killer bee.
The killer bee is moderately wounded.
* * * LOW HITPOINT WARNING * * *
You feel sick. The killer bee stings you!
You die...

###.........####
....../........#
##.#....##.##.#
##.#.##o##.###.#
#.#.##o(......#
#.#.#####.#####
#.#.# #.#
######.#.#####.#
#.........@y...#
#.####..########
#.# #..###
#.####....#
##.##......#
#####..........#
#.<...........##
#.###.###......##
#.#
#.####.....†######


You could see a killer bee.

Vanquished Creatures
  A hornet (D:7)
  A hippogriff (D:7)
  3 orc warriors
  An ice beast (D:6)
  A phantom (D:5)
  An ogre (D:7)
  2 centaurs
  A bullfrog (D:5)
  A water moccasin skeleton (D:7)
  2 scorpions
  3 killer bees (D:7)
  A crimson imp (D:7)
  2 bullfrog zombies
  2 hounds (D:5)
  3 orc priests
  An iguana (D:7)
  A bullfrog skeleton (D:5)
  4 worker ants
  3 orc wizards
  A hound skeleton (D:6)
  7 gnolls
  11 adders
  3 river rats (D:3)
  3 shadow imps
  2 oozes
  2 worms
  2 dart slugs
  3 leopard geckos
  25 orcs
  5 ball pythons (D:3)
  10 giant cockroaches
  8 goblins
  6 hobgoblins
  5 jackals
  4 quokkas
  10 bats
  5 frilled lizards
  7 kobolds
  7 rats
160 creatures vanquished.

Vanquished Creatures (others)
  Ijyb (D:4)
  A jackal (D:3)
2 creatures vanquished.

Grand Total: 162 creatures vanquished

Notes
Turn   | Place    | Note
-------+----------+-------------------------------------------
     0 | D:1      | protoss039 the Spriggan Assassin began the quest for the
                  | Orb.
     0 | D:1      | Reached XP level 1. HP: 10/10 MP: 2/2
    24 | D:1      | Reached skill level 6 in Stealth
   323 | D:1      | Reached XP level 2. HP: 14/14 MP: 3/3
  1035 | D:2      | Reached XP level 3. HP: 9/18 MP: 4/4
  1287 | D:2      | Reached skill level 7 in Stealth
  1830 | D:2      | Found a shadowy altar of Dithmenos.
  1835 | D:2      | Reached XP level 4. HP: 23/23 MP: 5/5
  1936 | D:2      | Became a worshipper of Dithmenos the Shadowed
  2227 | D:2      | Found an ancient bone altar of Kikubaaqudgha.
  2227 | D:2      | Found a hide-covered altar of Uskayaw.
  2228 | D:2      | Found a bloodstained altar of Trog.
  2553 | D:3      | Found a faded altar of an unknown god.
  2895 | D:3      | Reached skill level 1 in Invocations
  3190 | D:3      | Reached XP level 5. HP: 26/26 MP: 7/7
  3222 | D:3      | Reached * piety under Dithmenos
  3776 | D:3      | Found a glowing golden altar of the Shining One.
  3777 | D:3      | Found a white marble altar of Elyvilon.
  3896 | D:3      | Found an opulent altar of Gozag.
  4279 | D:4      | Reached skill level 8 in Stealth
  4282 | D:4      | Noticed Ijyb
  4511 | D:4      | Reached XP level 6. HP: 30/30 MP: 8/8
  4555 | D:4      | Killed Ijyb
  4660 | D:4      | Found a sacrificial altar of Ru.
  4841 | D:5      | Entered Level 5 of the Dungeon
  4851 | D:5      | Reached ** piety under Dithmenos
  4920 | D:5      | Found a staircase to the Ecumenical Temple.
  5386 | D:5      | Reached skill level 9 in Stealth
  5416 | D:5      | Reached XP level 7. HP: 10/35 MP: 10/10
  5701 | D:5      | Reached skill level 10 in Stealth
  6130 | D:5      | Found a glowing silver altar of Zin.
  6570 | D:6      | Reached skill level 5 in Short Blades
  6601 | D:5      | Reached XP level 8. HP: 28/39 MP: 11/11
  7091 | D:6      | Found a basalt altar of Yredelemnul.
  7314 | D:6      | Found a shimmering altar of Xom.
  7317 | D:6      | Noticed an angel
  7320 | D:6      | Found a glowing silver altar of Zin.
  7570 | D:7      | Noticed Harold
  7719 | D:6      | Reached skill level 11 in Stealth
  7945 | D:7      | Reached *** piety under Dithmenos
  7947 | D:7      | Noticed a hippogriff
  7954 | D:7      | Killed a hippogriff
  8120 | D:7      | Reached skill level 5 in Invocations
  8121 | D:7      | Noticed a hornet
  8129 | D:7      | Killed a hornet
  8129 | D:7      | Reached XP level 9. HP: 33/44 MP: 13/13
  8661 | D:7      | Found a sacrificial altar of Ru.
  8692 | D:7      | Slain by a killer bee

Illustrated notes

Levels and vault maps discovered:
D:1:      roderic_crossed_star, layout_basic
D:2:      layout_basic, gammafunk_temple_overflow_claw,
          minmay_misc_feat_pillars, nicolae_dithmenos_shadow_blocks
D:3:      layout_basic, nicolae_overflow_hidden_temple, portal_sewer_entry_c,
          chequers_ecumenical_altar_simple, bh_chokoban,
          chequers_serial_rivers_small_b
D:4:      layout_rooms, nicolae_ru_path_of_blood, first_ration, uniq_ijyb
D:5:      layout_cave_pools, minmay_temple_entry_waves, basic_altar
D:6:      layout_loops_ring, grunt_temple_overflow_order_and_chaos_1,
          basic_altar, minmay_bent
D:7:      layout_loops_corners, basic_altar, uniq_harold

Skill      XL: |  1  2  3  4  5  6  7  8  9 |
---------------+----------------------------+-----
Stealth        | 6 7 8 9 10 11 | 11.9
Short Blades   | 3 4 5 6 7 |  7.1
Dodging        | 2 4 |  4.7
Invocations    | 1 2 3 5 |  5.4
Throwing       | 3 4 |  4.0
Fighting       | 2 3 |  3.0

Action                   |  1- 3 |  4- 6 |  7- 9 || total
-------------------------+-------+-------+-------++-------
Melee: Dagger            |    92 |   171 |   184 ||   447
Throw: Dart              |    14 |    36 |    56 ||   106
Invok: Shadow Step       |       |       |     1 ||     1
  Use: Scroll            |       |     8 |     2 ||    10
       Potion            |       |       |     2 ||     2
 Stab: Sleeping          |    14 |    20 |     7 ||    41
       Distracted        |       |     1 |     1 ||     2
  Eat: Ration            |       |       |     2 ||     2
Armor: Robe              |    14 |    13 |     5 ||    32
Dodge: Dodged            |    66 |   113 |   133 ||   312
